| TOP OF THE 1ST |
|
Birmingham Barons batting - Pitching for Knoxville Blue Jays : RHP Jeff Russell
|
|
Pitching: RHP Jeff Russell
|
|
|
Batting: RHB Bob Bathe
|
0-0: Ball 1-0: Called Strike 1-1: Foul Ball, location: 2F 1-2: Ball 2-2: Ball 3-2: Base on Balls
|
|
Batting: LHB Vernon Ramie
|
0-0: Ball Bob Bathe steals 2nd base 1-0: Foul Ball, location: 2F 1-1: Swinging Strike 1-2: Fly out, F6 (Flyball, 56D, EV 87.5 MPH)
|
|
Batting: RHB Tim Hulett
|
0-0: Ball 1-0: Ball 2-0: Ball 3-0: Called Strike 3-1: Swinging Strike 3-2: Base on Balls
|
|
Batting: RHB Bill R Moore
|
0-0: Foul Ball, location: 2F 0-1: Ball 1-1: Swinging Strike 1-2: Grounds into double play, 6-4-3 (Groundball, 6, EV 83.8 MPH)
|
| Top of the 1st over - 0 runs, 0 hits, 0 errors, 1 left on base; Birmingham 0 - Knoxville 0 |
| BOTTOM OF THE 1ST |
|
Knoxville Blue Jays batting - Pitching for Birmingham Barons : RHP Gregory DeHart
|
|
Pitching: RHP Gregory DeHart
|
|
|
Batting: RHB Brian Asselstine
|
0-0: Ball 1-0: Ball 2-0: Ball 3-0: Called Strike 3-1: Called Strike 3-2: Foul Ball, location: 2F 3-2: Fly out, F9 (Flyball, 9, EV 91.9 MPH)
|
|
Batting: RHB Alex Villalobos
|
0-0: Foul Ball, location: 2F 0-1: Ball 1-1: Foul Ball, location: 2F 1-2: Ground out 5-3 (Groundball, 56, EV 105.6 MPH)
|
|
Batting: LHB Paul O'Neill
|
0-0: Ball 1-0: Called Strike 1-1: Called Strike 1-2: Foul Ball, location: 2F 1-2: Ball 2-2: Ball 3-2: SINGLE (Groundball, 6MS, EV 70.0 MPH) (infield hit)
|
|
Batting: RHB Jason Adams
|
0-0: Ball 1-0: Foul Ball, location: 2F 1-1: Ball 2-1: Ball 3-1: Base on Balls Paul O'Neill to second
|
|
Batting: RHB Fritzie Connally
|
0-0: Called Strike 0-1: Ball 1-1: Fly out, F8 (Flyball, 89XD, EV 95.0 MPH)
|
| Bottom of the 1st over - 0 runs, 1 hit, 0 errors, 2 left on base; Birmingham 0 - Knoxville 0 |
| TOP OF THE 2ND |
|
Birmingham Barons batting - Pitching for Knoxville Blue Jays : RHP Jeff Russell
|
|
Batting: LHB Joe Szekely
|
0-0: Called Strike 0-1: Ball 1-1: Ball 2-1: Foul Ball, location: 2F 2-2: Strikes out swinging
|
|
Batting: RHB Robin Townley
|
0-0: Called Strike 0-1: Called Strike 0-2: Ground out 5-3 (Groundball, 56S, EV 69.4 MPH)
|
|
Batting: RHB Jim Wilson
|
0-0: Called Strike 0-1: Ground out 6-3 (Groundball, 4M, EV 84.4 MPH)
|
| Top of the 2nd over - 0 runs, 0 hits, 0 errors, 0 left on base; Birmingham 0 - Knoxville 0 |
| BOTTOM OF THE 2ND |
|
Knoxville Blue Jays batting - Pitching for Birmingham Barons : RHP Gregory DeHart
|
|
Batting: RHB Jose Canseco
|
0-0: Called Strike 0-1: Ground out 5-3 (Groundball, 5S, EV 83.8 MPH)
|
|
Batting: RHB Jerry Royster
|
0-0: Swinging Strike 0-1: Ball 1-1: Ball 2-1: Ball 3-1: Called Strike 3-2: Strikes out swinging
|
|
Batting: RHB Rick Sweet
|
0-0: Ball 1-0: Ball 2-0: Ball 3-0: Base on Balls
|
|
Batting: RHB Kenny Hanes
|
0-0: Called Strike 0-1: Foul Ball, location: 2F 0-2: Ball 1-2: Ball 2-2: Foul Ball, location: 2F 2-2: Foul Ball, location: 2F 2-2: Foul Ball, location: 2F 2-2: Foul Ball, location: 2F 2-2: Foul Ball, location: 2F 2-2: Ball 3-2: Base on Balls Rick Sweet to second
|
|
Batting: RHB Brian Asselstine
|
0-0: Ball 1-0: Ball 2-0: Ball 3-0: Called Strike 3-1: Base on Balls Rick Sweet to third Kenny Hanes to second
|
|
Batting: RHB Alex Villalobos
|
0-0: Fielders Choice at 2nd, 6-4 (Groundball, 6, EV 83.1 MPH)
|
| Bottom of the 2nd over - 0 runs, 0 hits, 0 errors, 3 left on base; Birmingham 0 - Knoxville 0 |
| TOP OF THE 3RD |
|
Birmingham Barons batting - Pitching for Knoxville Blue Jays : RHP Jeff Russell
|
|
Batting: SHB Giampietro Pasquetto
|
0-0: Called Strike 0-1: Ball 1-1: Ground out 6-3 (Groundball, 6, EV 83.1 MPH)
|
|
Batting: RHB Rod Johnson
|
0-0: Called Strike 0-1: SINGLE (Groundball, 4MD, EV 106.3 MPH)
|
|
Batting: RHB Bob Bathe
|
0-0: Ball 1-0: Called Strike 1-1: Foul Ball, location: 2F 1-2: Ball 2-2: Strikes out looking
|
|
Batting: LHB Vernon Ramie
|
0-0: Ball 1-0: Foul Ball, location: 2F 1-1: Ball 2-1: Ball 3-1: Called Strike 3-2: Ground out 5-3 (Groundball, 56, EV 99.4 MPH)
|
| Top of the 3rd over - 0 runs, 1 hit, 0 errors, 1 left on base; Birmingham 0 - Knoxville 0 |
| BOTTOM OF THE 3RD |
|
Knoxville Blue Jays batting - Pitching for Birmingham Barons : RHP Gregory DeHart
|
|
Batting: LHB Paul O'Neill
|
0-0: Ball 1-0: Foul Ball, location: 2F 1-1: Foul Ball, location: 2F 1-2: Foul Ball, location: 2F 1-2: Ball 2-2: Foul Ball, location: 2F 2-2: Ground out U3 (Groundball, 3, EV 90.6 MPH)
|
|
Batting: RHB Jason Adams
|
0-0: Ball 1-0: Foul Ball, location: 2F 1-1: DOUBLE (Line Drive, 7LM, EV 113.1 MPH)
|
|
Batting: RHB Fritzie Connally
|
0-0: Ball 1-0: Ground out 6-3 (Groundball, 6M, EV 85.0 MPH) Jason Adams to third
|
|
Batting: RHB Jose Canseco
|
0-0: Called Strike 0-1: Ball 1-1: SINGLE (Groundball, 6MD, EV 100.6 MPH) Jason Adams scores
|
|
Batting: RHB Jerry Royster
|
0-0: Called Strike 0-1: Fly out, F3 (Popup, 3F, EV 64.4 MPH)
|
| Bottom of the 3rd over - 1 run, 2 hits, 0 errors, 1 left on base; Birmingham 0 - Knoxville 1 |
| TOP OF THE 4TH |
|
Birmingham Barons batting - Pitching for Knoxville Blue Jays : RHP Jeff Russell
|
|
Batting: RHB Tim Hulett
|
0-0: Ball 1-0: Foul Ball, location: 2F 1-1: Fly out, F4 (Flyball, 3D, EV 97.5 MPH)
|
|
Batting: RHB Bill R Moore
|
0-0: Ball 1-0: Ball 2-0: Called Strike 2-1: DOUBLE (Line Drive, 78XD, EV 105.0 MPH)
|
|
Batting: LHB Joe Szekely
|
0-0: Ball Wild Pitch! Bill R Moore to third 1-0: Single, Error in OF, E7, batter to second base (Line Drive, 7LS, EV 93.8 MPH) Bill R Moore scores
|
|
Batting: RHB Robin Townley
|
0-0: Ball 1-0: Fly out, F7 (Flyball, 7D, EV 80.6 MPH)
|
|
Batting: RHB Jim Wilson
|
0-0: Swinging Strike 0-1: Foul Ball, location: 2F 0-2: Ball 1-2: Ground out 4-3 (Groundball, 4M, EV 105.6 MPH)
|
| Top of the 4th over - 1 run, 2 hits, 1 error, 1 left on base; Birmingham 1 - Knoxville 1 |
| BOTTOM OF THE 4TH |
|
Knoxville Blue Jays batting - Pitching for Birmingham Barons : RHP Gregory DeHart
|
|
Batting: RHB Rick Sweet
|
0-0: Foul Ball, location: 2F 0-1: Fly out, F9 (Flyball, 9D, EV 99.4 MPH)
|
|
Batting: RHB Kenny Hanes
|
0-0: Ball 1-0: Swinging Strike 1-1: Called Strike 1-2: Fly out, F7 (Line Drive, 7, EV 95.0 MPH)
|
|
Batting: RHB Brian Asselstine
|
0-0: Called Strike 0-1: Foul Ball, location: 2F 0-2: Ball 1-2: Foul Ball, location: 2F 1-2: Ball 2-2: Ball 3-2: Base on Balls
|
|
Batting: RHB Alex Villalobos
|
0-0: Fly out, F7 (Flyball, 7, EV 84.4 MPH)
|
| Bottom of the 4th over - 0 runs, 0 hits, 0 errors, 1 left on base; Birmingham 1 - Knoxville 1 |
| TOP OF THE 5TH |
|
Birmingham Barons batting - Pitching for Knoxville Blue Jays : RHP Jeff Russell
|
|
Batting: SHB Giampietro Pasquetto
|
0-0: Called Strike 0-1: Foul Ball, location: 2F 0-2: Foul Ball, location: 2F 0-2: Ball 1-2: Ball 2-2: Strikes out swinging
|
|
Batting: RHB Rod Johnson
|
0-0: Ball 1-0: Called Strike 1-1: Ball 2-1: DOUBLE (Groundball, 5L, EV 106.3 MPH)
|
|
Batting: RHB Bob Bathe
|
0-0: Foul Ball, location: 2F 0-1: Ground out 6-3 (Groundball, 6S, EV 84.4 MPH)
|
|
Batting: LHB Vernon Ramie
|
0-0: Ball 1-0: Ball 2-0: Called Strike 2-1: 2-RUN HOME RUN (Flyball, 9D, EV 105.6 MPH), Distance : 396 ft
|
|
Batting: RHB Tim Hulett
|
0-0: Called Strike 0-1: Ball 1-1: SINGLE (Flyball, 6D, EV 84.4 MPH)
|
|
Batting: RHB Bill R Moore
|
0-0: Ball 1-0: Swinging Strike 1-1: Ball 2-1: Foul Ball, location: 2F 2-2: Ball 3-2: Fly out, F7 (Line Drive, 7, EV 86.3 MPH)
|
| Top of the 5th over - 2 runs, 3 hits, 0 errors, 1 left on base; Birmingham 3 - Knoxville 1 |
| BOTTOM OF THE 5TH |
|
Knoxville Blue Jays batting - Pitching for Birmingham Barons : RHP Gregory DeHart
|
|
Batting: LHB Paul O'Neill
|
0-0: Ball 1-0: Ball 2-0: Ball 3-0: Called Strike 3-1: Called Strike 3-2: Base on Balls
|
|
Batting: RHB Jason Adams
|
0-0: Called Strike 0-1: Ball 1-1: Hit by Pitch Paul O'Neill to second
|
|
Batting: RHB Fritzie Connally
|
0-0: Ball 1-0: Called Strike 1-1: Foul Ball, location: 2F 1-2: Fly out, F7 (Flyball, 7, EV 83.8 MPH)
|
|
Batting: RHB Jose Canseco
|
0-0: Swinging Strike 0-1: Foul Ball, location: 2F 0-2: Ball 1-2: DOUBLE (Line Drive, 7LS, EV 93.8 MPH) Paul O'Neill scores Jason Adams to third
|
|
Batting: RHB Jerry Royster
|
0-0: Ball 1-0: Ball 2-0: Called Strike 2-1: Foul Ball, location: 2F 2-2: Foul Ball, location: 2F 2-2: Foul Ball, location: 2F 2-2: Foul Ball, location: 2F 2-2: Ball 3-2: Strikes out swinging
|
|
Batting: RHB Rick Sweet
|
0-0: Foul Ball, location: 2F 0-1: Called Strike 0-2: Foul Ball, location: 2F 0-2: Foul Ball, location: 2F 0-2: Ball 1-2: Strikes out looking
|
| Bottom of the 5th over - 1 run, 1 hit, 0 errors, 2 left on base; Birmingham 3 - Knoxville 2 |
| TOP OF THE 6TH |
|
Birmingham Barons batting - Pitching for Knoxville Blue Jays : RHP Jeff Russell
|
|
Batting: LHB Joe Szekely
|
0-0: Foul Ball, location: 2F 0-1: Swinging Strike 0-2: Foul Ball, location: 2F 0-2: Ball 1-2: Ball 2-2: DOUBLE (Groundball, 5L, EV 95.6 MPH)
|
|
Batting: RHB Robin Townley
|
0-0: Called Strike 0-1: Foul Ball, location: 2F 0-2: Ball 1-2: Ball 2-2: Foul Ball, location: 2F 2-2: Strikes out looking
|
|
Batting: RHB Jim Wilson
|
0-0: Ball 1-0: Foul Ball, location: 2F 1-1: Ball 2-1: Fly out, F9 (Flyball, 9D, EV 105.0 MPH) Runner from 2nd tags up, SAFE at 3rd, no throw by RF
|
|
Batting: SHB Giampietro Pasquetto
|
0-0: Called Strike 0-1: Swinging Strike 0-2: Ball 1-2: Strikes out swinging
|
| Top of the 6th over - 0 runs, 1 hit, 0 errors, 1 left on base; Birmingham 3 - Knoxville 2 |
| BOTTOM OF THE 6TH |
|
Knoxville Blue Jays batting - Pitching for Birmingham Barons : RHP Gregory DeHart
|
|
Batting: RHB Kenny Hanes
|
0-0: SINGLE (Groundball, 5S, EV 61.9 MPH) (infield hit)
|
|
Batting: RHB Brian Asselstine
|
0-0: Ball 1-0: Fly out, F9 (Flyball, 89D, EV 96.3 MPH)
|
|
Batting: RHB Alex Villalobos
|
0-0: Called Strike 0-1: Fly out, F9 (Flyball, 9LM, EV 86.9 MPH)
|
|
Batting: LHB Paul O'Neill
|
0-0: Ball 1-0: Ball 2-0: Ball 3-0: Base on Balls Kenny Hanes to second
|
|
Pitching: RHP Joe Guerrero
|
|
|
Batting: RHB Jason Adams
|
0-0: Ball 1-0: Ball 2-0: Called Strike 2-1: Foul Ball, location: 2F 2-2: Ball 3-2: Base on Balls Kenny Hanes to third Paul O'Neill to second
|
|
Batting: RHB Fritzie Connally
|
0-0: Fly out, F8 (Flyball, 8RXD, EV 99.4 MPH)
|
| Bottom of the 6th over - 0 runs, 1 hit, 0 errors, 3 left on base; Birmingham 3 - Knoxville 2 |
| TOP OF THE 7TH |
|
Birmingham Barons batting - Pitching for Knoxville Blue Jays : RHP Jeff Russell
|
|
Batting: RHB Rod Johnson
|
0-0: Ball 1-0: Called Strike 1-1: Ball 2-1: Fly out, F7 (Flyball, 7, EV 98.8 MPH)
|
|
Batting: RHB Bob Bathe
|
0-0: Ball 1-0: Foul Ball, location: 2F 1-1: Foul Ball, location: 2F 1-2: Foul Ball, location: 2F 1-2: Ball 2-2: Fly out, F7 (Flyball, 7LM, EV 93.1 MPH)
|
|
Batting: LHB Vernon Ramie
|
0-0: Called Strike 0-1: Ball 1-1: Foul Ball, location: 2F 1-2: Ball 2-2: Foul Ball, location: 2F 2-2: Ground out 4-3 (Groundball, 4, EV 103.8 MPH)
|
| Top of the 7th over - 0 runs, 0 hits, 0 errors, 0 left on base; Birmingham 3 - Knoxville 2 |
| BOTTOM OF THE 7TH |
|
Knoxville Blue Jays batting - Pitching for Birmingham Barons : RHP Joe Guerrero
|
|
Batting: RHB Jose Canseco
|
0-0: Fly out, F9 (Line Drive, 9, EV 90.6 MPH)
|
|
Batting: RHB Jerry Royster
|
0-0: Called Strike 0-1: SINGLE (Groundball, 6MD, EV 104.4 MPH) (infield hit)
|
|
Batting: RHB Rick Sweet
|
0-0: Foul Ball, location: 2F 0-1: Ball 1-1: Ball 2-1: Ball Jerry Royster steals 2nd base (no throw) 3-1: Foul Ball, location: 2F 3-2: Base on Balls
|
|
Pinch Hitting: LHB Eddie Milner
|
0-0: Called Strike 0-1: DOUBLE (Line Drive, 78XD, EV 111.9 MPH) Jerry Royster scores Rick Sweet to third
|
|
Batting: RHB Brian Asselstine
|
0-0: Called Strike 0-1: Foul Ball, location: 2F 0-2: SINGLE (Groundball, 56, EV 106.3 MPH) Rick Sweet scores Eddie Milner to third Runner from 3rd tries for Home, SAFE, throw by LF to home Brian Asselstine to second
|
|
Pitching: LHP Guy Finch
|
|
|
Batting: RHB Alex Villalobos
|
0-0: Ball 1-0: Ground out 4-3 (Groundball, 4, EV 86.3 MPH) Brian Asselstine to third
|
|
Batting: LHB Paul O'Neill
|
0-0: Ball 1-0: Swinging Strike 1-1: Ball 2-1: Called Strike 2-2: Foul Ball, location: 2F 2-2: Ball 3-2: Strikes out swinging
|
| Bottom of the 7th over - 3 runs, 3 hits, 0 errors, 1 left on base; Birmingham 3 - Knoxville 5 |
| TOP OF THE 8TH |
|
Birmingham Barons batting - Pitching for Knoxville Blue Jays : RHP Jeff Russell
|
|
Now at SS: Pat Rockett
|
|
|
Batting: RHB Tim Hulett
|
0-0: Ball 1-0: Ball 2-0: Swinging Strike 2-1: Called Strike 2-2: Reached on error, E5 (Groundball, 56S, EV 68.1 MPH)
|
|
Batting: RHB Bill R Moore
|
0-0: Foul Ball, location: 2F 0-1: Ball 1-1: Swinging Strike 1-2: Ball 2-2: Ball 3-2: Base on Balls
|
|
Batting: LHB Joe Szekely
|
0-0: Swinging Strike 0-1: Ball 1-1: Foul Ball, location: 2F 1-2: Ball 2-2: Ball 3-2: Foul Ball, location: 2F 3-2: Strikes out looking
|
|
Batting: RHB Robin Townley
|
0-0: Ball Wild Pitch! Tim Hulett to third Bill R Moore to second 1-0: Ball 2-0: Called Strike 2-1: Foul Ball, location: 2F 2-2: Foul Ball, location: 2F 2-2: Ball Wild Pitch! Tim Hulett scores Bill R Moore to third 3-2: SINGLE (Flyball, 34D, EV 93.8 MPH) Bill R Moore scores
|
|
Pitching: RHP Charles Beasley
|
|
|
Batting: RHB Jim Wilson
|
0-0: Ball 1-0: Fly out, F7 (Flyball, 7, EV 85.0 MPH)
|
|
Batting: SHB Giampietro Pasquetto
|
0-0: Ball 1-0: Called Strike 1-1: Ball 2-1: Ball 3-1: Fly out, F9 (Line Drive, 9, EV 85.0 MPH)
|
| Top of the 8th over - 2 runs, 1 hit, 1 error, 1 left on base; Birmingham 5 - Knoxville 5 |
| BOTTOM OF THE 8TH |
|
Knoxville Blue Jays batting - Pitching for Birmingham Barons : LHP Guy Finch
|
|
Batting: RHB Jason Adams
|
0-0: Ball 1-0: Ball 2-0: SINGLE (Flyball, 8RS, EV 93.1 MPH)
|
|
Batting: RHB Fritzie Connally
|
0-0: Ball 1-0: Foul Ball, location: 2F 1-1: Fly out, F3 (Popup, 34S, EV 81.3 MPH)
|
|
Batting: RHB Jose Canseco
|
0-0: Fielders Choice at 2nd, 4-6 (Groundball, 4, EV 87.5 MPH)
|
|
Batting: RHB Jerry Royster
|
0-0: Called Strike 0-1: Ball 1-1: Foul Ball, location: 2F 1-2: Fly out, F9 (Flyball, 89D, EV 93.1 MPH)
|
| Bottom of the 8th over - 0 runs, 1 hit, 0 errors, 1 left on base; Birmingham 5 - Knoxville 5 |
| TOP OF THE 9TH |
|
Birmingham Barons batting - Pitching for Knoxville Blue Jays : RHP Charles Beasley
|
|
Pitching: LHP Jeff Haines
|
|
|
Batting: RHB Rod Johnson
|
0-0: Ball 1-0: Fly out, F7 (Flyball, 7D, EV 101.9 MPH)
|
|
Batting: RHB Bob Bathe
|
0-0: Swinging Strike 0-1: Swinging Strike 0-2: Ball 1-2: Foul Ball, location: 2F 1-2: Foul Ball, location: 2F 1-2: Strikes out swinging
|
|
Pinch Hitting: RHB Anthony Veith
|
0-0: SINGLE (Groundball, 56D, EV 103.1 MPH)
|
|
Batting: RHB Tim Hulett
|
0-0: Ball 1-0: Ball 2-0: Ball 3-0: Base on Balls Anthony Veith to second
|
|
Batting: RHB Bill R Moore
|
0-0: Swinging Strike 0-1: Ball 1-1: Swinging Strike 1-2: Strikes out swinging
|
| Top of the 9th over - 0 runs, 1 hit, 0 errors, 2 left on base; Birmingham 5 - Knoxville 5 |
| BOTTOM OF THE 9TH |
|
Knoxville Blue Jays batting - Pitching for Birmingham Barons : LHP Guy Finch
|
|
Pitching: RHP Danny Castillo
|
|
|
Now in RF: Anthony Veith
|
|
|
Pinch Hitting: LHB Joe Bivins
|
0-0: Ball 1-0: Ball 2-0: Ball 3-0: Base on Balls
|
|
Pinch Runner at 1st Alex Taveras:
|
|
|
Pinch Hitting: RHB LaRue Washington
|
0-0: Ball 1-0: Fielders Choice at 2nd, 3-6 (Groundball, 34S, EV 81.3 MPH)
|
|
Batting: RHB Brian Asselstine
|
0-0: Ball LaRue Washington steals 2nd base (no throw) 1-0: Fly out, F7 (Line Drive, 7, EV 111.3 MPH)
|
|
Batting: RHB Alex Villalobos
|
0-0: Ball 1-0: Foul Ball, location: 2F 1-1: Ball 2-1: DOUBLE (Line Drive, 9LM, EV 101.9 MPH) LaRue Washington scores
|
| Bottom of the 9th over - 1 run, 1 hit, 0 errors, 0 left on base; Birmingham 5 - Knoxville 6 |
|